 Dungeon Crawl Stone Soup version 0.20.1-1-g8b1a95d (webtiles) character file.

42 potam12345 the Cutter (level 3, -3/27 HPs)
             Began as a Demonspawn Gladiator on July 8, 2017.
             Was an Initiate of Makhleb.
             Killed by nerve-wracking pain
             ... invoked by Jessica
              (14 damage)
             ... on level 2 of the Dungeon.
             The game lasted 00:11:05 (936 turns).

potam12345 the Cutter (Demonspawn Gladiator)         Turns: 936, Time: 00:11:10

Health: -3/27      AC:  9    Str: 14    XL:     3   Next: 35%
Magic:  3/3        EV: 10    Int:  9    God:    Makhleb [......]
Gold:   43         SH:  0    Dex: 15    Spells: 2/2 levels left

rFire    + . .     SeeInvis .   a - +0 rapier
rCold    x . .     Gourm    .   (no shield)
rNeg     . . .     Faith    .   i - +0 scale mail
rPois    .         Spirit   .   c - +0 helmet
rElec    .         Reflect  .   (no cloak)
rCorr    .         Harm     .   (no gloves)
MR       .....                  (no boots)
Stlth    ..........             (no amulet)
Regen    0.1/turn               u - ring of fire
MPRegen  0.1/turn               x - ring of loudness (curse)

@: no status effects
A: molten scales 1
a: Renounce Religion


You were on level 2 of the Dungeon.
You worshipped Makhleb.
Makhleb was noncommittal.
You were not hungry.

You visited 1 branch of the dungeon, and saw 2 of its levels.

You collected 43 gold pieces.

Inventory:

Hand Weapons
 a - a +0 rapier (weapon)
 g - a +0 dagger
 h - a +0 short sword
 j - a +0 club
 l - a +0 club
 m - a +0 spear
 n - a +0 dagger
 p - a +0 short sword
 t - a +0 club
Missiles
 d - 3 throwing nets (quivered)
 k - 22 bolts
Armour
 b - a +0 leather armour
 c - a +0 helmet (worn)
 e - a +0 robe {i}
 i - a +0 scale mail (worn)
 v - a +0 robe
 w - a +0 chain mail
Jewellery
 u - a ring of fire (left hand)
 x - a cursed ring of loudness (right hand)
Scrolls
 o - a scroll of blinking {unknown}
 q - 2 scrolls of identify {unknown}
 r - a scroll of immolation {unknown}
 s - a scroll of enchant armour {unknown}
Comestibles
 f - 4 bread rations
 z - 7 chunks of flesh


   Skills:
 + Level 2.2 Fighting
 + Level 3.3 Short Blades
 + Level 1.9 Throwing
 + Level 0.8 Armour
 + Level 2.9 Dodging
 + Level 0.2 Stealth


You had 2 spell levels left.
You didn't know any spells.

Dungeon Overview and Level Annotations

Branches:
Dungeon (2/15)

Altars:
Makhleb

Annotations:
D:2 Jessica


Innate Abilities, Weirdness & Mutations

You are partially covered in molten scales. (AC +2)


Message History

There isn't anything here!
Jessica drinks a potion.
Jessica is healed!
Jessica points at you and mumbles some strange words.
You resist with some effort.
You see here a rat corpse.
Jessica casts a spell.
Jessica blinks!
Jessica casts a spell.
Jessica blinks!
Jessica hits you but does no damage.
You barely miss Jessica.
Jessica is lightly wounded.
Jessica closely misses you.
You hit Jessica.
Jessica is severely wounded.
Jessica hits you but does no damage. Jessica gestures at you while chanting.
Pain shoots through your body!
Ouch! That really hurt!
You die...

#..#...÷.....#....###........
.#..#.......###.#..##...#...#
...##........................
####........##...............
#.......<.....##...>.......
#.........##.......†........
###.....####.(##....†.......
#####...##..##@........!..
###......@...........!
####.#............=.
#.###............
######.###.#..........
#..........###########
#..........# #..........#
#..........# #..........#


You could see Jessica.

Vanquished Creatures
  2 dart slugs (D:1)
  3 goblins (D:1)
  7 hobgoblins
  A quokka (D:2)
  A ball python (D:1)
  4 bats
  3 frilled lizards (D:1)
  2 kobolds (D:1)
  20 rats
43 creatures vanquished.

Notes
Turn   | Place    | Note
-------+----------+-------------------------------------------
     0 | D:1      | potam12345 the Demonspawn Gladiator began the quest for the Orb.
     0 | D:1      | Reached XP level 1. HP: 16/16 MP: 1/1
   289 | D:1      | Gained mutation: You are partially covered in molten scales. (AC +2) [demonic ancestry]
   289 | D:1      | Reached XP level 2. HP: 22/22 MP: 2/2
   315 | D:1      | Reached skill level 3 in Short Blades
   713 | D:2      | Found a burning altar of Makhleb.
   718 | D:2      | Became a worshipper of Makhleb the Destroyer
   806 | D:2      | Reached XP level 3. HP: 27/27 MP: 3/3
   908 | D:2      | Noticed Jessica
   936 | D:2      | Killed from afar by Jessica

Skill      XL: |  1  2 |
---------------+-------+-----
Short Blades   | 3 |  3.3
Fighting       | |  2.2
Throwing       | |  1.9
Armour         | |  0.8
Dodging        | |  2.9
Stealth        | |  0.2

Action                   || total
-------------------------++-------
Melee: Rapier            ||   109
 Stab: Sleeping          ||     1
Armor: Leather armour    ||    18
       Scale mail        ||    47
Dodge: Dodged            ||   103
